 Seeded DCSS version 0.30.1-4-g462c640d31 (webtiles) character file.

Game seed: 6351066067085065685 (custom seed)

57 Esekla the Magician (level 3, -1/19 HPs)
             Began as a Deep Elf Wanderer on Sept 8, 2023.
             Was a Follower of Vehumet.
             Slain by a gnoll
             ... wielding a +0 spear
              (7 damage)
             ... on level 2 of the Dungeon.
             The game lasted 00:13:58 (2015 turns).

Esekla the Magician (Deep Elf Wanderer)             Turns: 2015, Time: 00:13:59

Health: -1/19      AC:  4    Str: 11    XL:     3   Next: 73%
Magic:  11/12      EV: 11    Int: 19    God:    Vehumet [*.....]
Gold:   169        SH:  4    Dex: 11    Spells: 3/13 levels left

rFire   . . .        a - +1 short sword (freeze)
rCold   . . .        d - +0 buckler
rNeg    . . .        c - +0 robe
rPois   .            j - +0 helmet
rElec   .            (no cloak)
rCorr   .            l - +0 pair of gloves
SInv    .            (no boots)
Will    .....        (no amulet)
Stlth   ++           (no ring)
HPRegen 0.23/turn    (no ring)
MPRegen 0.13/turn

%: no passive effects
@: no status effects
A: no striking features
a: Renounce Religion


You were on level 2 of the Dungeon.
You worshipped Vehumet.
Vehumet was aware of your devotion.
You visited 1 branch of the dungeon, and saw 4 of its levels.

You collected 169 gold pieces.

Inventory:

Hand Weapons
 a - a +1 short sword of freezing (weapon)
 s - the +5 rapier of the Hero {heavy, rN+ Dex+3}
   (You found it on level 3 of the Dungeon)

   Dex:       It affects your dexterity (+3).
   rN:        It protects you from negative energy.
Armour
 c - a +0 robe (worn)
 d - a +0 buckler (worn)
 j - a +0 helmet (worn)
 l - a +0 pair of gloves (worn)
Wands
 w - a wand of roots (7)
Scrolls
 f - a scroll of fear {unknown}
 g - 3 scrolls of identify {unknown}
 m - 2 scrolls of enchant weapon {unknown}
 n - a scroll of amnesia {unknown}
 o - a scroll of enchant armour {unknown}
 q - a scroll of immolation {unknown}
 r - a scroll of blinking {unknown}
 u - a scroll of fog {unknown}
Potions
 b - a potion of lignification
 e - a potion of ambrosia {unknown}
 h - 2 potions of attraction {unknown}
 i - 2 potions of curing {unknown}
 k - a potion of mutation {unknown}
 p - a potion of haste {unknown}
 t - a potion of heal wounds {unknown}
 v - 2 potions of brilliance {unknown}


   Skills:
 + Level 0.7 Short Blades
 * Level 1.1 Dodging
 + Level 1.4 Stealth
 + Level 1.6 Shields
 * Level 5.5 Spellcasting
 + Level 0.5 Conjurations
 * Level 1.1 Necromancy
 + Level 2.4 Translocations
 + Level 1.1 Invocations


You had 3 spell levels left.
You knew the following spells:

 Your Spells              Type           Power      Damage    Failure   Level
a - Magic Dart            Conj           28%        1d4       14%         1
b - Blink                 Tloc           28%        N/A       10%         2
d - Vampiric Draining     Necr           9%         2d6       32%         3
p - Apportation           Tloc           28%        N/A       6%          1
t - Teleport Other        Tloc           14%        N/A       19%         3

Your spell library contained the following spells:

 Spells                   Type           Power      Damage    Failure   Level
 Kiss of Death            Conj/Necr      32%        2d7       12%         1
 Lesser Beckoning         Tloc           28%        N/A       10%         2
 Gell's Gravitas          Tloc           14%        N/A       19%         3
 Ignite Poison            Fire/Tmut/Pois 5%         N/A       45%         3


Dungeon Overview and Level Annotations

Branches:
Dungeon (4/15)
 Temple: D:4-7

Altars:
Okawaru
Vehumet
Zin

Shops:
D:2 =   D:4 (


Message History

a - a +1 short sword of freezing (weapon)
There is a stone staircase leading down here.
You climb downwards.
There is a stone staircase leading up here.
Casting: Magic Dart (safe; 14% risk of failure)
Confirm with . or Enter, or press ? or * to list all spells.
Aiming: Magic Dart (safe; 14% risk of failure)
Press: ? - help, Shift-Dir - straight line, f - goblin
Aim: a goblin, wielding a +0 short sword and carrying a wand of roots (9) (wandering, hasn't noticed you, 100% to hit)
The magic dart hits the goblin.
The goblin is severely wounded.
The goblin shouts!
You hear a shout!
The goblin zaps a wand.
The roots erupt in riotous growth!
The grasping roots grab you! The grasping roots constrict you.
You hear a shout! x2
You escape the roots grasp.
The goblin zaps a wand.
The roots erupt in riotous growth!
The grasping roots grab you!
The goblin is unaffected.
The grasping roots constrict you.
You hear an angry hiss.
You closely miss the goblin.
The goblin is heavily wounded.
The goblin hits you with a +0 short sword.
The grasping roots constrict you.
You hit the goblin. You freeze the goblin.
You kill the goblin!
Vehumet accepts your kill.
A gnoll comes into view. It is wielding a +0 club.
A rat comes into view.
Items here: $ ) / †.
w - a wand of roots (7)
You now have 169 gold pieces (gained 17).
The gnoll shouts!
The gnoll hits you from afar with a +0 spear.
The gnoll closely misses you.
A goblin comes into view. It is wielding a +3 dagger of speed.
There is a stone staircase leading up, spattered with blood here.
The gnoll hits you from afar with a +0 spear!
You die...

#.# #.#..# #.#
#.#..#
#.##########g...##
#.........g ......
########### ...##
#..g #.g#
#gg#####.
#@.......
#........ ####
#)######. #...
#.....r.. h.##
########.


You could see 3 gnolls and a goblin.

Vanquished Creatures
  An adder (D:2)
  2 dart slugs
  2 orcs (D:3)
  6 ball pythons
  4 endoplasms
  7 goblins
  3 hobgoblins
  A quokka (D:1)
  4 bats
  4 frilled lizards
  5 kobolds
39 creatures vanquished.

Notes
Turn   | Place    | Note
-------+----------+-------------------------------------------
     0 | D:1      | Esekla the Deep Elf Wanderer began the quest for the Orb.
     0 | D:1      | Esekla set off with the following items: a +0 club, a
                  | potion of lignification, a +0 robe, a +0 buckler; and the
                  | following spells available to memorise: Apportation, Blink,
                  | Lesser Beckoning, Magic Dart, Ignite Poison, Vampiric
                  | Draining.
     0 | D:1      | Reached XP level 1. HP: 10/10 MP: 7/7
     2 | D:1      | Learned a level 1 spell: Magic Dart
     4 | D:1      | Learned a level 1 spell: Apportation
   243 | D:4      | Found an iron altar of Okawaru.
   254 | D:4      | Found a glowing silver altar of Zin.
   323 | D:4      | Found a radiant altar of Vehumet.
   327 | D:4      | Became a worshipper of Vehumet
   528 | D:4      | Found Ponaysk's Antique Weapon Boutique.
   613 | D:3      | Reached XP level 2. HP: 15/15 MP: 2/9
   685 | D:3      | Reached skill level 5 in Spellcasting
   886 | D:2      | Noticed a black bear
   999 | D:2      | Found Renulab's Jewellery Shop.
  1035 | D:3      | Identified the +5 rapier of the Hero {heavy, rN+ Dex+3}
  1099 | D:3      | Reached skill level 1 in Necromancy
  1587 | D:2      | Reached XP level 3. HP: 17/19 MP: 11/11
  1590 | D:2      | Learned a level 2 spell: Blink
  1594 | D:2      | Learned a level 3 spell: Vampiric Draining
  1725 | D:1      | Reached skill level 1 in Dodging
  1904 | D:1      | Learned a level 3 spell: Teleport Other
  1945 | D:1      | Reached * piety under Vehumet
  1945 | D:1      | Offered knowledge of Kiss of Death by Vehumet.
  2015 | D:2      | Slain by a gnoll

Illustrated notes

Levels and vault maps discovered:
D:1:      sevenhm_arrival_forest_fort_small_3, layout_rooms,
          chequers_serial_rivers_room_b, minmay_misc_feat_five
D:2:      layout_loops_ring, dreamdust_ecumenical_altar_angels_and_demons,
          serial_shops, shop
D:3:      layout_basic, grunt_temple_overflow_open, minmay_misc_feat_iff
D:4:      layout_basic, nicolae_overflow_quartered_altars, serial_shops,
          nicolae_diamond_shop

Skill      XL: |  1  2  3 |
---------------+----------+-----
Spellcasting   | 5 |  5.5
Necromancy     | 1 |  1.1
Dodging        | 1 |  1.1
Short Blades   | |  0.7
Stealth        | |  1.4
Shields        | |  1.6
Conjurations   | |  0.5
Translocations | |  2.4
Invocations    | |  1.1

Action                     || total
---------------------------++-------
  Melee: Short sword       ||    38
         Club              ||     1
         Rapier            ||    10
   Cast: Magic Dart        ||    52
         Apportation       ||    17
         Vampiric Draining ||     1
   Stab: Sleeping          ||     2
 Armour: Robe              ||    25
  Dodge: Dodged            ||    35
  Block: Buckler           ||    13
